 Dungeon Crawl Stone Soup version 0.30-a0-883-g5ad918d77d (webtiles) character file.

Game seed: 8469396709401824454

1547 asseater the Trooper (level 8, -6/69 (73) HPs)
             Began as a Demonspawn Gladiator on Mar 16, 2023.
             Was a Follower of Nemelex Xobeh.
             Killed from afar by an acid dragon (29 damage)
             ... with a splash of acid
             ... on level 7 of the Dungeon.
             The game lasted 00:21:38 (6628 turns).

asseater the Trooper (Demonspawn Gladiator)         Turns: 6628, Time: 00:21:38

HP:   -6/69 (73)    AC: 11    Str: 16    XL:     8   Next: 57%
MP:   5/10          EV:  8    Int: 10    God:    Nemelex Xobeh [*.....]
Gold: 169           SH:  0    Dex: 15    Spells: 7/7 levels left

rFire   + . .      SeeInvis .    j - +0 battleaxe (drain)
rCold   + . .      Faith    .    (shield currently unavailable)
rNeg    . . .      Spirit   .    g - +0 chain mail
rPois   .          Reflect  .    (helmet restricted)
rElec   .          Rampage  .    A - +0 cloak
rCorr   .                        k - +0 pair of gloves
Will    .....                    s - +0 pair of boots Stlth
                                 (no amulet)
HPRegen 0.31/turn                o - ring of protection from fire
MPRegen 0.12/turn                (no ring)

@: mighty, about to teleport, corroded, drained
A: antennae 1, icy blue scales 3, demonic guardian 2, robust 1, MP-powered wands
a: Renounce Religion, Draw Escape, Draw Destruction, Draw Summoning


You were on level 7 of the Dungeon.
You worshipped Nemelex Xobeh.
Nemelex Xobeh was aware of your devotion.
You visited 2 branches of the dungeon, and saw 8 of its levels.

You collected 438 gold pieces.
You spent 269 gold pieces at shops.

Inventory:

Hand Weapons
 a - a +0 war axe
 j - a +0 battleaxe of draining (weapon)
Missiles
 d - 3 throwing nets (quivered)
Armour
 g - a +0 chain mail (worn)
 k - a +0 pair of gloves (worn)
 s - a +0 pair of boots (worn)
 A - a +0 cloak (worn)
Jewellery
 o - a ring of protection from fire (left hand)
Wands
 r - a wand of polymorph (18)
 y - a wand of paralysis (3)
 B - a wand of flame (25)
Scrolls
 m - a scroll of fear
 p - 2 scrolls of teleportation
 u - a scroll of fog
 w - 4 scrolls of amnesia
 C - a scroll of magic mapping
Potions
 b - a potion of ambrosia
 f - 3 potions of lignification
 h - a potion of cancellation {unknown}
 i - a potion of resistance {unknown}
 l - 2 potions of curing
 n - 3 potions of berserk rage
 q - 5 potions of haste
 v - a potion of heal wounds
 x - a potion of brilliance {unknown}
 z - a potion of magic {unknown}


   Skills:
 + Level 7.1 Fighting
 - Level 6.6 Axes
 - Level 1.7 Throwing
 + Level 1.0 Armour
 - Level 4.1 Dodging
 - Level 3.9 Invocations


You had 7 spell levels left.
You didn't know any spells.
Your spell library contained the following spells:

 Spells                   Type           Power      Damage    Failure   Level
 Cigotuvi's Dreadful Rot  Necr/Pois/Air  0%         N/A       100%        2
 Ensorcelled Hibernation  Hex/Ice        0%         N/A       100%        2
 Poisonous Vapours        Pois/Air       0%         N/A       100%        2
 Mephitic Cloud           Conj/Pois/Air  0%         N/A       100%        3
 Spider Form              Tmut/Pois      0%         N/A       100%        3
 Anguish                  Hex/Necr       0%         N/A       100%        4
 Enfeeble                 Hex            0%         N/A       100%        7


Dungeon Overview and Level Annotations

Branches:
Dungeon (7/15)             Temple (1/1) D:4

Altars:
Ashenzari
Cheibriados
Dithmenos
Hepliaklqana
Kikubaaqudgha
Nemelex Xobeh
Okawaru
Qazlal
Ru
Sif Muna
Wu Jian
Xom
Yredelemnul

Shops:
D:2 [   D:4 (   D:6 *=**[


Innate Abilities, Weirdness & Mutations

You have a pair of small antennae on your head.
You are completely covered in icy blue scales. (AC +4, rC+)
A demonic guardian rushes to your aid.
You are robust. (+10% HP)
You expend magic power (3 MP) to strengthen your wands.


Message History

You closely miss the acid dragon. The wight barely misses you. x2
The acid dragon bites you. The acid dragon barely misses you.
A wight comes into view. It is wielding a +0 trident.
The wight hits you but does no damage.
Unknown command.
Unknown command.
You closely miss the wight.
The wight is lightly damaged.
You closely miss the acid dragon. The acid dragon bites you!
The acid dragon claws you but does no damage.
The wight hits you with a +0 hand axe.
You feel drained. The wight hits you but does no damage.
Unknown command.
You hit the wight.
The wight is moderately damaged.
You slash the acid dragon! You drain the acid dragon.
The acid dragon bites you but does no damage.
The acid dragon claws you but does no damage.
The wight hits you from afar with a +0 halberd.
The wight barely misses you. The acid dragon bites you!
The acid dragon claws you but does no damage.
The wight hits you with a +0 hand axe.
You feel drained.
The wight hits you from afar with a +0 halberd!
You are too injured to fight recklessly!
You are too injured to fight recklessly!
Unknown command.
You are too injured to fight recklessly!
Unknown command.
You are too injured to fight recklessly!
Unknown command.
You are too injured to fight recklessly!
Unknown command.
You are too injured to fight recklessly!
Unknown command.
As you read the scroll of teleportation, it crumbles to dust.
You feel strangely unstable. The acid dragon spits acid at you.
The splash of acid hits you!!
You die...
Your body disappears without a glow.

#.............
#.......#'####
#.......+.....
#.......#.....
###########.......#.....
..................#.....
..................#.....
.....!.z..........#.<...
...z...@..........#.....
.....z.D...<..?...######
.....##)######'####...##
.... #... #.......#.....
... #....#......)#.....
.. #...)#...).()'..... #
#....####'####.....
.....##.....##.....
#....##.....##...##


You could see an acid dragon (catching breath, drained) and 3 wights.

Vanquished Creatures
  Menkaure (D:6)
  A swamp drake (D:6)
  A sky beast (D:7)
  An ice beast (D:6)
  A black bear (D:6)
  An ogre (D:7)
  3 scorpions
  A howler monkey (D:6)
  3 jellies (D:5)
  3 hounds
  An orc priest (D:6)
  3 iguanas
  2 orc wizards
  10 adders
  A shadow imp (D:7)
  A white imp (D:6)
  A worm (D:6)
  9 orcs
  7 endoplasms
  6 giant cockroaches
  7 goblins
  4 hobgoblins
  5 jackals
  3 kobolds
  4 quokkas
  4 ball pythons
  5 bats
  4 frilled lizards
  3 rats (D:3)
96 creatures vanquished.

Vanquished Creatures (collateral kills)
  A phantom (D:5)
  A hound (D:5)
  An orc priest (D:6)
  Ijyb (D:4)
  2 sleepcaps
  An adder (D:4)
  9 orcs
  A ball python (D:4)
17 creatures vanquished.

Vanquished Creatures (others)
  4 plants (D:6)
4 creatures vanquished.

Grand Total: 117 creatures vanquished

Notes
Turn   | Place    | Note
-------+----------+-------------------------------------------
     0 | D:1      | asseater the Demonspawn Gladiator began the quest for the
                  | Orb.
     0 | D:1      | Reached XP level 1. HP: 16/16 MP: 1/1
   159 | D:1      | Gained mutation: A weak demonic guardian rushes to your
                  | aid. [demonic ancestry]
   159 | D:1      | Reached XP level 2. HP: 22/23 MP: 2/2
   877 | D:2      | Gained mutation: A demonic guardian rushes to your aid.
                  | [demonic ancestry]
   877 | D:2      | Reached XP level 3. HP: 8/28 MP: 3/3
  1038 | D:2      | Reached skill level 3 in Fighting
  1087 | D:2      | You fall into a shaft and drop 1 floor!
  1239 | D:2      | Gained mutation: You are partially covered in icy blue
                  | scales. (AC +2) [demonic ancestry]
  1239 | D:2      | Reached XP level 4. HP: 6/35 MP: 4/4
  1869 | D:2      | Found Numef's Armour Boutique.
  2132 | D:3      | Found a stormy altar of Qazlal.
  2826 | D:4      | Gained mutation: You are robust. (+10% HP) [potion of
                  | mutation]
  2826 | D:4      | Gained mutation: You expend magic power (3 MP) to
                  | strengthen your wands. [potion of mutation]
  2826 | D:4      | Gained mutation: You have a pair of small horns on your
                  | head. [potion of mutation]
  2957 | D:4      | Noticed Ijyb
  2973 | D:4      | Killed Ijyb
  2974 | D:4      | Reached skill level 4 in Fighting
  2974 | D:4      | Lost mutation: You have a pair of small horns on your head.
                  | [demonic ancestry]
  2974 | D:4      | Gained mutation: You have a pair of small antennae on your
                  | head. [demonic ancestry]
  2974 | D:4      | Reached XP level 5. HP: 15/46 MP: 5/5
  3319 | D:4      | Found Ukykefy's Weapon Shop.
  3322 | D:4      | Bought a +0 battleaxe of draining for 164 gold pieces
  3882 | D:4      | Found a staircase to the Ecumenical Temple.
  3993 | Temple   | Entered the Ecumenical Temple
  4106 | Temple   | Became a worshipper of Nemelex Xobeh the Trickster
  4213 | D:5      | Entered Level 5 of the Dungeon
  4221 | D:5      | Noticed a phantom
  4227 | D:5      | Killed a phantom
  4228 | D:5      | Reached XP level 6. HP: 45/53 MP: 6/6
  4346 | D:5      | Reached skill level 5 in Fighting
  4346 | D:5      | Reached skill level 5 in Axes
  4644 | D:5      | Gained mutation: You are mostly covered in icy blue scales.
                  | (AC +3) [demonic ancestry]
  4644 | D:5      | Reached XP level 7. HP: 60/61 MP: 7/7
  5068 | D:6      | Reached skill level 6 in Fighting
  5105 | D:6      | Found Tych's Assorted Antiques.
  5140 | D:6      | Bought a scroll of identify for 42 gold pieces
  5140 | D:6      | Bought a scroll of identify for 42 gold pieces
  5140 | D:6      | Bought a scroll labelled KOUXEFR JIXU for 21 gold pieces
  5201 | D:6      | Reached * piety under Nemelex Xobeh
  5224 | D:6      | Received a gift from Nemelex Xobeh
  5248 | D:6      | Reached skill level 1 in Invocations
  5344 | D:6      | Found an iron altar of Okawaru.
  5348 | D:6      | Found Peirph's Antique Armour Emporium.
  5354 | D:6      | Noticed Menkaure
  5362 | D:6      | Killed Menkaure
  5413 | D:6      | Gained mutation: You are completely covered in icy blue
                  | scales. (AC +4, rC+) [demonic ancestry]
  5413 | D:6      | Reached XP level 8. HP: 34/71 MP: 6/9
  5716 | D:6      | Found an ornate altar of the Wu Jian Council.
  5731 | D:6      | Found a shadowy altar of Dithmenos.
  5737 | D:6      | Found a hazy altar of Hepliaklqana.
  5740 | D:6      | Found an ancient bone altar of Kikubaaqudgha.
  5836 | D:6      | Found Ychuphus's General Store.
  5943 | D:6      | Found Ywkes's Jewellery Emporium.
  6041 | D:6      | Found Qigedd's Assorted Antiques.
  6455 | D:7      | Reached skill level 7 in Fighting
  6472 | D:7      | Reached skill level 1 in Armour
  6628 | D:7      | Killed from afar by an acid dragon

Illustrated notes

Levels and vault maps discovered:
D:1:      evilmike_arrival_fibonacci_small, layout_basic
D:2:      layout_basic, serial_shops, shop_fountains
D:3:      layout_loops_ring, lemuel_coloured_pillars_altar,
          roderic_serpentine_path, grunt_decor_fettered, amethyst_killhole,
          kennysheep_nub
D:4:      layout_cave_pods, minmay_temple_entry_poolview, serial_shops,
          kennysheep_mini_moat, hangedman_glass_teeth, minmay_pentomino_pile,
          uniq_ijyb
D:5:      layout_loops_ring, item_on_display_a
D:6:      layout_rooms, kennysheep_mini, minitemple, serial_shops,
          nicolae_shop_overgrown_old_shop, nicolae_shop_waterfront, shop,
          shop_statue, nicolae_shop_advertising_works
          [nicolae_subvault_shop_adworks], minmay_misc_feat_chi,
          serial_bayou_pond_b, hangedman_decor_lopped, uniq_menkaure
D:7:      layout_gridville, mainiacjoe_overflow_24_doors
Temple:   eino_temple_lava

Skill      XL: |  1  2  3  4  5  6  7  8 |
---------------+-------------------------+-----
Axes           | 3 4 5 6 |  6.6
Fighting       | 3 4 5 6 7 |  7.1
Dodging        | 3 4 |  4.1
Invocations    | 2 3 |  3.9
Armour         | 1 |  1.0
Throwing       | |  1.7

Action                     |  1- 3 |  4- 6 |  7- 9 || total
---------------------------+-------+-------+-------++-------
  Melee: War axe           |   104 |    77 |       ||   181
         Punch             |     2 |       |       ||     2
         Headbutt          |       |     1 |       ||     1
         Battleaxe         |       |    93 |    88 ||   181
 Invoke: Draw Destruction  |       |       |     1 ||     1
  Evoke: Wand              |       |       |    11 ||    11
    Use: Scroll            |       |     9 |     9 ||    18
         Potion            |       |     1 |     2 ||     3
   Stab: Paralysed         |       |       |     3 ||     3
 Armour: Chain mail        |    66 |   153 |    81 ||   300
         Leather armour    |     3 |       |       ||     3
  Dodge: Dodged            |    49 |    75 |    42 ||   166

Table legend: (Time is in decaauts)
 A = Elapsed time spent in this place.
 B = Non-inter-level travel time spent in this place.
 C = Inter-level travel time spent in this place.
 D = Time resting spent in this place.
 E = Time spent auto-exploring this place.
 F = Levels seen in this place.
 G = Mean time per level.
                   A        B        C        D        E       F      G
               +--------+--------+--------+--------+--------+-----+--------+
         Total |   6766 |   6485 |    281 |    250 |   4688 |   8 |  845.8 |
       Dungeon |   6639 |   6358 |    281 |    250 |   4627 |   7 |  948.4 |
        Temple |    126 |    126 |      0 |      0 |     61 |   1 |  126.0 |
               +--------+--------+--------+--------+--------+-----+--------+

Top non-repeatable levels by time:
     D:4: 1315 daAuts
     D:6: 1192 daAuts
     D:2: 1096 daAuts
     D:3: 895 daAuts
     D:1: 862 daAuts
     D:5: 853 daAuts
     D:7: 424 daAuts
  Temple: 126 daAuts
